MID
WISCONSIN TIMBER RATTLERS @ PEORIA CHIEFS
05/13/2044
 
TOP OF THE 1ST
Wisconsin Timber Rattlers batting - Pitching for Peoria Chiefs : RHP Jason Inman
Pitching: RHP Jason Inman
Batting: RHB Joe LaDue 0-0: Ball
1-0: Called Strike
1-1: Foul Ball, location: 2F
1-2: Ball
2-2: Ball
3-2: Foul Ball, location: 2F
3-2: Base on Balls
Batting: RHB Nick Garland 0-0: Ball
1-0: Grounds into double play, 6-4-3 (Groundball, 6M, EV 100.0 MPH)
Batting: RHB Eddie McCoy 0-0: Called Strike
0-1: Called Strike
0-2: Ground out 4-3 (Groundball, 4, EV 85.6 MPH)
Top of the 1st over - 0 runs, 0 hits, 0 errors, 0 left on base; Wisconsin 0 - Peoria 0
BOTTOM OF THE 1ST
Peoria Chiefs batting - Pitching for Wisconsin Timber Rattlers : RHP Eddie Becerra
Pitching: RHP Eddie Becerra
Batting: SHB Bobby O'Leary 0-0: Called Strike
0-1: Ball
1-1: Ball
2-1: Fly out, F7 (Flyball, 78M, EV 83.8 MPH)
Batting: RHB Dan Boykins 0-0: Ball
1-0: Ground out U3 (Groundball, 3S, EV 69.4 MPH)
Batting: RHB Terry Baginski 0-0: Called Strike
0-1: Fly out, F8 (Line Drive, 8LD, EV 88.8 MPH)
Bottom of the 1st over - 0 runs, 0 hits, 0 errors, 0 left on base; Wisconsin 0 - Peoria 0
TOP OF THE 2ND
Wisconsin Timber Rattlers batting - Pitching for Peoria Chiefs : RHP Jason Inman
Batting: RHB Jeff Cornett 0-0: Ground out 1-3 (Groundball, 15S, EV 71.3 MPH)
Batting: LHB Andy Sanchez 0-0: Foul Ball, location: 2F
0-1: Called Strike
0-2: Ground out 6-3 (Groundball, 6M, EV 86.3 MPH)
Batting: RHB Dave Bateman 0-0: Foul Ball, location: 2F
0-1: Called Strike
0-2: SINGLE (Groundball, 56, EV 101.3 MPH) (infield hit)
Batting: RHB Bryant Thies 0-0: Ball
1-0: Swinging Strike
1-1: Swinging Strike
1-2: Ball
Dave Bateman steals 2nd base
2-2: Strikes out swinging
Top of the 2nd over - 0 runs, 1 hit, 0 errors, 1 left on base; Wisconsin 0 - Peoria 0
BOTTOM OF THE 2ND
Peoria Chiefs batting - Pitching for Wisconsin Timber Rattlers : RHP Eddie Becerra
Batting: RHB Travis Leonard 0-0: Ball
1-0: Called Strike
1-1: Called Strike
1-2: Ball
2-2: Foul Ball, location: 2F
2-2: Strikes out looking
Batting: RHB Justin Reich 0-0: Foul Ball, location: 2F
0-1: Ball
1-1: Foul Ball, location: 2F
1-2: Strikes out swinging
Batting: RHB Chris Simmons 0-0: Swinging Strike
0-1: Ball
1-1: Ball
2-1: Fly out, F7 (Flyball, 7S, EV 83.1 MPH)
Bottom of the 2nd over - 0 runs, 0 hits, 0 errors, 0 left on base; Wisconsin 0 - Peoria 0
TOP OF THE 3RD
Wisconsin Timber Rattlers batting - Pitching for Peoria Chiefs : RHP Jason Inman
Batting: RHB Raymond Young 0-0: Foul Ball, location: 2F
0-1: Ground out U3 (Groundball, 34, EV 82.5 MPH)
Batting: RHB Derek Halliwill 0-0: Ball
1-0: Foul Ball, location: 2F
1-1: Foul Ball, location: 2F
1-2: Foul Ball, location: 2F
1-2: Ball
2-2: Strikes out looking
Batting: RHB Joe LaDue 0-0: Ball
1-0: Swinging Strike
1-1: Swinging Strike
1-2: Ball
2-2: Ball
3-2: Strikes out looking
Top of the 3rd over - 0 runs, 0 hits, 0 errors, 0 left on base; Wisconsin 0 - Peoria 0
BOTTOM OF THE 3RD
Peoria Chiefs batting - Pitching for Wisconsin Timber Rattlers : RHP Eddie Becerra
Batting: RHB Josh Martin 0-0: Ball
1-0: Fly out, F7 (Flyball, 78D, EV 97.5 MPH)
Batting: RHB Francisco Vargas 0-0: Ball
1-0: Ball
2-0: SINGLE (Groundball, 6MD, EV 86.9 MPH) (infield hit)
Batting: SHB Steve Barnett 0-0: Ball
1-0: Called Strike
Francisco Vargas is caught stealing 2nd base 2-6
1-1: Foul Ball, location: 2F
1-2: Ball
2-2: Fly out, F7 (Flyball, 7LM, EV 87.5 MPH)
Bottom of the 3rd over - 0 runs, 1 hit, 0 errors, 0 left on base; Wisconsin 0 - Peoria 0
TOP OF THE 4TH
Wisconsin Timber Rattlers batting - Pitching for Peoria Chiefs : RHP Jason Inman
Batting: RHB Nick Garland 0-0: Ball
1-0: Foul Ball, location: 2F
1-1: Ball
2-1: Foul Ball, location: 2F
2-2: Foul Ball, location: 2F
2-2: Ball
3-2: Foul Ball, location: 2F
3-2: Foul Ball, location: 2F
3-2: Ground out 6-3 (Groundball, 6, EV 97.5 MPH)
Batting: RHB Eddie McCoy 0-0: Called Strike
0-1: Ball
1-1: Foul Ball, location: 2F
1-2: Ball
2-2: Strikes out looking
Batting: RHB Jeff Cornett 0-0: Called Strike
0-1: Foul Ball, location: 2F
0-2: Ball
1-2: Ball
2-2: Ball
3-2: Ground out 5-3 (Groundball, 56S, EV 84.4 MPH)
Top of the 4th over - 0 runs, 0 hits, 0 errors, 0 left on base; Wisconsin 0 - Peoria 0
BOTTOM OF THE 4TH
Peoria Chiefs batting - Pitching for Wisconsin Timber Rattlers : RHP Eddie Becerra
Batting: SHB Bobby O'Leary 0-0: DOUBLE (Line Drive, 7LS, EV 108.8 MPH)
Batting: RHB Dan Boykins 0-0: Ball
Bobby O'Leary steals 3rd base
1-0: Swinging Strike
1-1: Ball
2-1: Foul Ball, location: 9LSF, Error on foul ball, E9
2-2: SINGLE (Groundball, 34D, EV 104.4 MPH)
Bobby O'Leary scores
Batting: RHB Terry Baginski 0-0: Called Strike
0-1: Ball
1-1: Fielders Choice at 2nd, 6-4 (Groundball, 6S, EV 90.0 MPH)
Batting: RHB Travis Leonard 0-0: Ball
Terry Baginski steals 2nd base (no throw)
1-0: Ball
2-0: Foul Ball, location: 2F
2-1: Ball
3-1: Swinging Strike
3-2: SINGLE (Line Drive, 89S, EV 96.9 MPH)
Terry Baginski to third
Batting: RHB Justin Reich 0-0: Ball
Travis Leonard steals 2nd base (no throw)
1-0: Ball
2-0: DOUBLE (Flyball, 89D, EV 94.4 MPH)
Terry Baginski scores
Travis Leonard scores
Batting: RHB Chris Simmons 0-0: Ball
1-0: Called Strike
1-1: Ground out 5-3 (Groundball, 5S, EV 69.4 MPH)
Justin Reich to third
Batting: RHB Josh Martin 0-0: Swinging Strike
0-1: Swinging Strike
0-2: Ball
1-2: Foul Ball, location: 2F
1-2: Ball
2-2: Strikes out looking
Bottom of the 4th over - 3 runs, 4 hits, 1 error, 1 left on base; Wisconsin 0 - Peoria 3
TOP OF THE 5TH
Wisconsin Timber Rattlers batting - Pitching for Peoria Chiefs : RHP Jason Inman
Batting: LHB Andy Sanchez 0-0: Foul Ball, location: 2F
0-1: Ball
1-1: Fly out, F8 (Flyball, 8LS, EV 93.1 MPH)
Batting: RHB Dave Bateman 0-0: Ball
1-0: Called Strike
1-1: Reached on error, E6 (Groundball, 6, EV 85.0 MPH)
Batting: RHB Bryant Thies 0-0: Fielders Choice at 2nd, 4-6 (Groundball, 4, EV 86.3 MPH)
Batting: RHB Raymond Young 0-0: Ball
1-0: Called Strike
1-1: Ball
2-1: Ball
Bryant Thies steals 2nd base
3-1: Called Strike
3-2: Strikes out swinging
Top of the 5th over - 0 runs, 0 hits, 1 error, 1 left on base; Wisconsin 0 - Peoria 3
BOTTOM OF THE 5TH
Peoria Chiefs batting - Pitching for Wisconsin Timber Rattlers : RHP Eddie Becerra
Batting: RHB Francisco Vargas 0-0: Ground out 6-3 (Groundball, 6, EV 85.6 MPH)
Batting: SHB Steve Barnett 0-0: Ball
1-0: Ball
2-0: Called Strike
2-1: Fly out, F8 (Flyball, 8LM, EV 90.6 MPH)
Batting: SHB Bobby O'Leary 0-0: Ground out 5-3 (Groundball, 5, EV 83.1 MPH)
Bottom of the 5th over - 0 runs, 0 hits, 0 errors, 0 left on base; Wisconsin 0 - Peoria 3
TOP OF THE 6TH
Wisconsin Timber Rattlers batting - Pitching for Peoria Chiefs : RHP Jason Inman
Batting: RHB Derek Halliwill 0-0: Ball
1-0: SINGLE (Groundball, 56S, EV 67.5 MPH) (infield hit)
Batting: RHB Joe LaDue 0-0: Called Strike
0-1: Ball
1-1: Ball
Derek Halliwill is caught stealing 2nd base 2-4
2-1: Ball
3-1: Fly out, F8 (Line Drive, 8RM, EV 90.0 MPH)
Batting: RHB Nick Garland 0-0: Foul Ball, location: 2F
0-1: Ball
1-1: Swinging Strike
1-2: Ball
2-2: SINGLE (Groundball, 34D, EV 101.3 MPH)
Batting: RHB Eddie McCoy 0-0: Ball
1-0: Called Strike
1-1: Foul Ball, location: 2F
1-2: Ball
2-2: Foul Ball, location: 2F
2-2: Ball
3-2: Base on Balls
Nick Garland to second
Pitching: RHP Bryan Vandenburgh
Batting: RHB Jeff Cornett 0-0: Fielders Choice at 2nd, 6-4 (Groundball, 6, EV 97.5 MPH)
Top of the 6th over - 0 runs, 2 hits, 0 errors, 2 left on base; Wisconsin 0 - Peoria 3
BOTTOM OF THE 6TH
Peoria Chiefs batting - Pitching for Wisconsin Timber Rattlers : RHP Eddie Becerra
Batting: RHB Dan Boykins 0-0: Fly out, F9 (Flyball, 89S, EV 80.0 MPH)
Batting: RHB Terry Baginski 0-0: Ball
1-0: Ball
2-0: Ball
3-0: Called Strike
3-1: Foul Ball, location: 2F
3-2: Base on Balls
Batting: RHB Travis Leonard 0-0: Called Strike
Terry Baginski steals 2nd base
0-1: Ball
1-1: Ball
Terry Baginski steals 3rd base
2-1: Called Strike
2-2: Strikes out swinging
Batting: RHB Justin Reich 0-0: Ball
1-0: SINGLE (Flyball, 8LS, EV 93.1 MPH)
Terry Baginski scores
Batting: RHB Chris Simmons 0-0: Ball
1-0: Foul Ball, location: 2F
1-1: Fielders Choice at 2nd, 6-4 (Groundball, 6, EV 94.4 MPH)
Bottom of the 6th over - 1 run, 1 hit, 0 errors, 1 left on base; Wisconsin 0 - Peoria 4
TOP OF THE 7TH
Wisconsin Timber Rattlers batting - Pitching for Peoria Chiefs : RHP Bryan Vandenburgh
Batting: LHB Andy Sanchez 0-0: Fly out, F7 (Flyball, 7, EV 83.1 MPH)
Batting: RHB Dave Bateman 0-0: Fly out, F9 (Flyball, 89M, EV 96.3 MPH)
Batting: RHB Bryant Thies 0-0: Called Strike
0-1: Ball
1-1: Fly out, F8 (Flyball, 8RD, EV 85.0 MPH)
Top of the 7th over - 0 runs, 0 hits, 0 errors, 0 left on base; Wisconsin 0 - Peoria 4
BOTTOM OF THE 7TH
Peoria Chiefs batting - Pitching for Wisconsin Timber Rattlers : RHP Eddie Becerra
Pitching: RHP Joe Shaw
Batting: RHB Josh Martin 0-0: Ball
1-0: Ball
2-0: Called Strike
2-1: Ball
3-1: Fly out, F9 (Flyball, 9D, EV 100.6 MPH)
Batting: RHB Francisco Vargas 0-0: Ball
1-0: Foul Ball, location: 2F
1-1: Ground out 6-3 (Groundball, 6, EV 102.5 MPH)
Batting: SHB Steve Barnett 0-0: Foul Ball, location: 2F
0-1: Ball
1-1: SINGLE (Line Drive, 8RM, EV 105.0 MPH)
Batting: SHB Bobby O'Leary 0-0: Called Strike
0-1: Foul Ball, location: 2F
0-2: Ball
1-2: Ball
2-2: Foul Ball, location: 2F
2-2: Ball
Wild Pitch!
Steve Barnett to second
3-2: Strikes out swinging
Bottom of the 7th over - 0 runs, 1 hit, 0 errors, 1 left on base; Wisconsin 0 - Peoria 4
TOP OF THE 8TH
Wisconsin Timber Rattlers batting - Pitching for Peoria Chiefs : RHP Bryan Vandenburgh
Pitching: RHP John Larimore
Batting: RHB Raymond Young 0-0: Ball
1-0: Ball
2-0: Called Strike
2-1: Called Strike
2-2: Ball
3-2: Foul Ball, location: 2F
3-2: Base on Balls
Batting: RHB Derek Halliwill 0-0: Foul Ball, location: 2F
0-1: Ball
1-1: Swinging Strike
1-2: Ball
2-2: Fielders Choice at 2nd, 6-4 (Groundball, 6, EV 111.3 MPH)
Batting: RHB Joe LaDue 0-0: Ball
1-0: Ball
2-0: Foul Ball, location: 2F
2-1: SINGLE (Groundball, 34D, EV 105.6 MPH)
Derek Halliwill to second
Runner from 2nd tries for 3rd, SAFE, throw by RF made to third
Batting: RHB Nick Garland 0-0: Ball
1-0: Fly out, F9 (Flyball, 9, EV 83.1 MPH)
Runner from 3rd tags up, SCORES, throw by RF
Pitching: LHP Ken Compton
Batting: RHB Eddie McCoy 0-0: Ball
1-0: Called Strike
1-1: Ball
2-1: Foul Ball, location: 2F
2-2: Ground out 4-3 (Groundball, 4, EV 91.3 MPH)
Top of the 8th over - 1 run, 1 hit, 0 errors, 1 left on base; Wisconsin 1 - Peoria 4
BOTTOM OF THE 8TH
Peoria Chiefs batting - Pitching for Wisconsin Timber Rattlers : RHP Joe Shaw
Batting: RHB Dan Boykins 0-0: Ball
1-0: Foul Ball, location: 2F
1-1: Foul Ball, location: 2F
1-2: Ball
2-2: Ground out 6-3 (Groundball, 6, EV 106.3 MPH)
Batting: RHB Terry Baginski 0-0: Called Strike
0-1: Ground out 1-3 (Groundball, 34S, EV 67.5 MPH)
Batting: RHB Travis Leonard 0-0: Ball
1-0: Called Strike
1-1: Called Strike
1-2: Ball
2-2: Strikes out looking
Bottom of the 8th over - 0 runs, 0 hits, 0 errors, 0 left on base; Wisconsin 1 - Peoria 4
TOP OF THE 9TH
Wisconsin Timber Rattlers batting - Pitching for Peoria Chiefs : LHP Ken Compton
Pitching: LHP Nick Suggett
Batting: RHB Jeff Cornett 0-0: Foul Ball, location: 2F
0-1: Swinging Strike
0-2: Ball
1-2: Ball
2-2: Foul Ball, location: 2F
2-2: Ground out 6-3 (Groundball, 6MS, EV 63.1 MPH)
Batting: RHB John Freeman 0-0: Swinging Strike
0-1: Ball
1-1: Foul Ball, location: 2F
1-2: Ball
2-2: Ball
3-2: Base on Balls
Batting: RHB Dave Bateman 0-0: Ball
1-0: Called Strike
1-1: Swinging Strike
1-2: Strikes out looking
Batting: RHB Bryant Thies 0-0: Called Strike
0-1: Swinging Strike
0-2: Ball
1-2: Strikes out swinging
Top of the 9th over - 0 runs, 0 hits, 0 errors, 1 left on base; Wisconsin 1 - Peoria 4
Thursday, March 31st , 2022 - OOTP Baseball 22.12 Build 89